 Dungeon Crawl Stone Soup version 0.22-a0-417-g1387785 (webtiles) character file.

23782 Kairos the Cleaver (level 12, -9/96 HPs)
             Began as a Demonspawn Gladiator on May 14, 2018.
             Was a High Priest of Okawaru.
             Mangled by a death yak (16 damage)
             ... on level 4 of the Lair of Beasts.
             The game lasted 00:33:46 (15441 turns).

Kairos the Cleaver (Demonspawn Gladiator)          Turns: 15441, Time: 00:33:47

Health: -9/96      AC: 20    Str: 19    XL:     12   Next: 74%
Magic:  13/15      EV: 17    Int: 10    God:    Okawaru [*****.]
Gold:   262        SH:  0    Dex: 15    Spells: 7/11 levels left

rFire    + + .     SeeInvis .   m - +7 battleaxe (flame)
rCold    . . .     Gourm    .   (shield currently unavailable)
rNeg     . . .     Faith    .   P - +3 chain mail "Wychil" {MR+ Slay+6}
rPois    .         Spirit   .   h - +2 hat
rElec    .         Reflect  .   (no cloak)
rCorr    .         Harm     .   (no gloves)
MR       +....                  (no boots)
Stlth    +.........             G - amulet of rage
HPRegen  0.26/turn              w - +3 ring of evasion
MPRegen  0.14/turn              q - ring of protection from fire

@: heroism
A: hooves 2, slimy green scales 2, fire resistance 1, powered by death 2
a: Heroism, Finesse, Renounce Religion, Evoke Berserk Rage


You were on level 4 of the Lair of Beasts.
You worshipped Okawaru.
Okawaru was extremely pleased with you.
You were not hungry.

You visited 3 branches of the dungeon, and saw 16 of its levels.
You also visited: Bailey.

You collected 1006 gold pieces.
You spent 744 gold pieces at shops.

Inventory:

Hand Weapons
 a - a +3 war axe
 m - a +7 battleaxe of flaming (weapon)
 u - a +4 flail of protection
Missiles
 d - 6 throwing nets
 v - 5 steel javelins
 y - 5 javelins (quivered)
Armour
 h - a +2 hat (worn)
 A - a +2 ring mail of poison resistance
 D - the +0 ring mail of the True Pharaoh {rElec rF- rC+ rN+}
   (You found it on level 6 of the Dungeon)

   It makes you vulnerable to fire.
   It protects you from cold.
   It insulates you from electricity.
   It protects you from negative energy.
 J - a +2 plate armour of fire resistance
 P - the +3 chain mail "Wychil" (worn) {MR+ Slay+6}
   (You bought it in a shop on level 9 of the Dungeon)

   It affects your accuracy and damage with ranged weapons and melee attacks
   (+6).
   It affects your resistance to hostile enchantments.
Jewellery
 b - an uncursed ring of resist corrosion
 q - a ring of protection from fire (right hand)
 w - a +3 ring of evasion (left hand)
 G - an amulet of rage (around neck)
 Z - an uncursed amulet of guardian spirit
Wands
 i - a wand of digging (1)
 t - a wand of acid (6)
 K - a wand of paralysis (10)
 L - a wand of flame (23)
 T - a wand of disintegration (12)
Scrolls
 e - 2 scrolls of magic mapping
 j - 2 scrolls of immolation {unknown}
 o - 6 scrolls of teleportation
 x - a scroll of random uselessness
 B - 2 scrolls of fog
 E - 5 scrolls of fear
 I - a scroll of enchant armour
 N - a scroll of noise {unknown}
 O - a scroll of acquirement
 V - 2 scrolls of blinking
 W - 2 scrolls of enchant weapon
 X - a scroll of silence {unknown}
 Y - 2 scrolls of remove curse
Potions
 c - 2 potions of brilliance
 g - 2 potions of flight
 k - 4 potions of agility
 l - 2 potions of haste
 n - 2 potions of berserk rage
 p - 2 potions of mutation
 r - 4 potions of heal wounds
 s - a potion of curing {unknown}
 z - 3 potions of lignification
 F - 3 potions of ambrosia
 H - a potion of invisibility {unknown}
Miscellaneous
 R - a fan of gales
 S - a phantom mirror
Comestibles
 f - 26 rations


   Skills:
 + Level 9.5(14.5) Fighting
 + Level 13.7(18.7) Axes
 + Level 2.0(7.0) Throwing
 + Level 8.4(13.4) Armour
 + Level 5.4(10.4) Dodging
 + Level 4.1(9.1) Stealth
 + Level 5.3 Invocations
 + Level 2.9 Evocations


You had 7 spell levels left.
You knew the following spells:

 Your Spells              Type           Power        Failure   Level  Hunger
a - Cause Fear            Hex            #.........   100%        4    #####..

Your spell library contained the following spells:

 Spells                   Type           Power        Failure   Level  Hunger
 Slow                     Hex            #.......     98%         2    ###....
 Confuse                  Hex            #.......     100%        3    ####...
 Tukima's Dance           Hex            #.......     100%        3    ####...
 Deflect Missiles         Chrm/Air       #.........   100%        6    #######
 Ensorcelled Hibernation  Hex/Ice        #.....       98%         2    ###....
 Silence                  Hex/Air        #.........   100%        5    ######.
 Corona                   Hex            #......      94%         1    ##.....
 Portal Projectile        Hex/Tloc       #.....       100%        3    ####...
 Leda's Liquefaction      Hex/Erth       #.........   100%        4    #####..
 Inner Flame              Hex/Fire       #.......     100%        3    ####...
 Dazzling Spray           Conj/Hex       #.....       100%        3    ####...
 Discord                  Hex            #.........   100%        8    #######
 Yara's Violent Unravell  Hex/Tmut       #.........   100%        5    ######.


Dungeon Overview and Level Annotations

Branches:
Dungeon (11/15)            Temple (1/1) D:5            Lair (4/6) D:11
 Shoals (0/4) Lair:3        Snake (0/4) Lair:2          Orc (0/2) D:9

Altars:
Cheibriados
Elyvilon
Fedhas
Gozag
Hepliaklqana
Okawaru
Qazlal
Sif Muna
Trog
Wu Jian
Xom
Yredelemnul

Shops:
D:8 %*}[   D:9 [


Innate Abilities, Weirdness & Mutations

You have hoof-like feet.
You are mostly covered in slimy green scales. (AC +3)
Your flesh is heat resistant. (rF+)
You regenerate health from kills.


Message History

You hit the death yak but do no damage.
Unknown command.
You slash the death yak! You burn the death yak.
The death yak is moderately wounded.
You barely miss the death yak. You hit the death yak but do no damage.
The death yak gores you!
* * * LOW HITPOINT WARNING * * *
The death yak completely misses you. The death yak misses you.
Unknown command.
Okay, then.
As you read the scroll of fear, it crumbles to dust.
You assume a fearsome visage.
The yak looks frightened! x3
The death yak resists with some effort.
The death yak looks frightened! x2
The death yak resists with some effort.
The death yak looks frightened!
The bullfrog looks frightened!
The death yak gores you!
* * * LOW HITPOINT WARNING * * *
You slash the death yak! You burn the death yak. You kick the death yak.
The death yak is heavily wounded.
The death yak gores you!
You die... ## #### ##########Y##### #PP# ##.##.##.#..YF...
PPP# ##.....#P.Y....... .P.####.........@.Y.Y... .............#####YY.(.. ...#.........# YY...

..............#
....
#..††.........#
...
#.†..........##
..
............##
. #...........#
#...........#


You could see 5 death yaks, 4 yaks and a bullfrog (fleeing).

Vanquished Creatures
  Harold (Lair:1)
  2 hydras (Lair:3)
  3 two-headed ogres
  An orc high priest (Bailey)
  3 orc knights (Bailey)
  5 elephants (Lair:4)
  A black mamba (Lair:3)
  5 spiny frogs
  A kobold demonologist (Bailey)
  2 komodo dragons
  A troll (D:10)
  A hornet (D:7)
  Prince Ribbit (D:8)
  3 hippogriffs
  Sigmund (D:4)
  3 wyverns
  6 spriggans (Lair:1)
  2 yaks
  2 basilisks
  The ghost of Kairos the Chopper, an amateur DsGl (D:3)
  2 hungry ghosts
  3 nagas (Lair:2)
  Edmund (D:6)
  2 wargs (D:11)
  The ghost of p0werm0de the Shield-Bearer, an amateur VSFi of Makhleb (D:4)
  5 water moccasins
  4 porcupines
  3 ice beasts
  16 orc warriors
  6 sky beasts
  4 black bears
  4 phantoms
  2 hornet zombies
  5 ogres
  6 wolves (Lair:4)
  8 centaurs
  3 crocodiles
  3 big kobolds
  5 bullfrogs
  A gnoll sergeant (D:10)
  2 scorpions
  12 killer bees
  5 electric eels (Bailey)
  4 howler monkeys
  A centaur zombie (D:7)
  5 crimson imps
  3 bullfrog zombies
  2 bullfrog skeletons
  6 orc priests
  A gnoll shaman (D:7)
  6 hounds
  3 jellies
  5 orc wizards
  5 iguanas
  9 worker ants
  A hound skeleton (D:4)
  3 worker ant zombies
  Robin (D:2)
  11 adders
  16 gnolls
  A howler monkey skeleton (D:4)
  3 shadow imps
  An adder zombie (D:9)
  2 adder skeletons (D:6)
  3 worms
  5 dart slugs
  2 leopard geckos
  42 orcs
  3 giant cockroaches
  18 hobgoblins
  16 jackals
  5 quokkas
  10 bats
  6 frilled lizards
  39 goblins
  2 jackal skeletons
  13 kobolds
  A leopard gecko skeleton (D:4)
  A quokka skeleton (D:6)
  A quokka zombie (D:5)
  6 rats
  2 plants (Lair:1)
412 creatures vanquished.

Vanquished Creatures (others)
  A fungus (Lair:4)
  2 plants
3 creatures vanquished.

Grand Total: 415 creatures vanquished

Notes
Turn   | Place    | Note
-------+----------+-------------------------------------------
     0 | D:1      | Kairos the Demonspawn Gladiator began the quest for the Orb.
     0 | D:1      | Reached XP level 1. HP: 16/16 MP: 1/1
   133 | D:1      | Gained mutation: You have large cloven feet. [demonic ancestry]
   133 | D:1      | Reached XP level 2. HP: 15/22 MP: 2/2
   136 | D:1      | Reached skill level 3 in Axes
   470 | D:2      | Gained mutation: You are partially covered in slimy green scales. (AC +2) [demonic ancestry]
   470 | D:2      | Reached XP level 3. HP: 25/27 MP: 3/3
   786 | D:2      | Noticed Robin
   810 | D:2      | Killed Robin
   810 | D:2      | Gained mutation: You regenerate a little health from kills. [demonic ancestry]
   810 | D:2      | Reached XP level 4. HP: 22/34 MP: 4/4
  1170 | D:2      | Reached skill level 1 in Armour
  1699 | D:3      | Found a snail-covered altar of Cheibriados.
  1715 | D:3      | Reached skill level 4 in Axes
  1742 | D:3      | Noticed Kairos's ghost (amateur DsGl)
  1812 | D:3      | Gained mutation: You are mostly covered in slimy green scales. (AC +3) [demonic ancestry]
  1812 | D:3      | Reached XP level 5. HP: 22/39 MP: 5/5
  2796 | D:3      | Killed Kairos's ghost
  2796 | D:3      | Reached skill level 5 in Axes
  2796 | D:3      | Gained mutation: You regenerate health from kills. [demonic ancestry]
  2796 | D:3      | Reached XP level 6. HP: 12/47 MP: 6/6
  3537 | D:4      | Noticed Sigmund
  3541 | D:4      | Noticed p0werm0de's ghost (amateur VSFi)
  4538 | D:4      | Killed p0werm0de's ghost
  4538 | D:4      | Gained mutation: You have hoof-like feet. [demonic ancestry]
  4538 | D:4      | Reached XP level 7. HP: 45/52 MP: 7/7
  4648 | D:4      | Killed Sigmund
  4648 | D:4      | Reached skill level 6 in Axes
  4819 | D:5      | Entered Level 5 of the Dungeon
  4819 | D:5      | Found a staircase to the Ecumenical Temple.
  4838 | Temple   | Entered the Ecumenical Temple
  4914 | Temple   | Became a worshipper of Warmaster Okawaru
  5149 | D:5      | Reached * piety under Okawaru
  5149 | D:5      | Reached XP level 8. HP: 45/60 MP: 8/8
  5225 | D:5      | Reached skill level 7 in Axes
  5294 | D:5      | Learned a level 4 spell: Cause Fear
  5832 | D:6      | Got a dazzling ring mail
  5843 | D:6      | Identified the cursed +0 ring mail of the True Pharaoh {rElec rF- rC+ rN+} (You found it on level 6 of the Dungeon)
  5936 | D:6      | Noticed Edmund
  5952 | D:6      | Killed Edmund
  6006 | D:6      | Reached ** piety under Okawaru
  6006 | D:6      | Reached skill level 8 in Axes
  6034 | D:6      | Reached skill level 5 in Fighting
  6075 | D:6      | Reached XP level 9. HP: 65/68 MP: 9/9
  6610 | D:7      | Reached skill level 9 in Axes
  6641 | D:7      | Reached skill level 5 in Armour
  6659 | D:7      | Paralysed by a hornet for 3 turns
  6680 | D:7      | Reached *** piety under Okawaru
  6999 | D:7      | Reached XP level 10. HP: 25/77 MP: 10/10
  7264 | D:8      | Reached **** piety under Okawaru
  7264 | D:8      | Reached skill level 1 in Stealth
  7273 | D:8      | Noticed a two-headed ogre
  7281 | D:8      | Killed a two-headed ogre
  7281 | D:8      | Reached skill level 10 in Axes
  7281 | D:8      | Reached skill level 1 in Invocations
  7281 | D:8      | Reached skill level 1 in Evocations
  7347 | D:8      | Found Elefreid's Gadget Shop.
  7489 | D:8      | Noticed Prince Ribbit
  7503 | D:8      | Killed Prince Ribbit
  7560 | D:8      | Found Oneil's General Store.
  7584 | D:8      | You fall through a shaft!
  7868 | D:9      | Reached ***** piety under Okawaru
  8109 | D:8      | Found Sinaduus's Food Boutique.
  8189 | D:8      | Found Inuawiets's Armour Shoppe.
  8385 | D:9      | Found a staircase to the Orcish Mines.
  8387 | D:9      | Found Suer's Armour Shoppe.
  8926 | D:9      | Reached skill level 5 in Dodging
  9587 | D:10     | Entered Level 10 of the Dungeon
  9599 | D:10     | Received a gift from Okawaru
  9610 | D:10     | Reached skill level 5 in Invocations
  9610 | D:10     | Reached XP level 11. HP: 68/84 MP: 14/14
  9824 | D:10     | Noticed a two-headed ogre
  9831 | D:10     | Killed a two-headed ogre
  9831 | D:10     | Reached skill level 11 in Axes
  9839 | D:10     | Noticed a two-headed ogre
 10305 | D:10     | Killed a two-headed ogre
 10305 | D:10     | Received a gift from Okawaru
 10656 | D:11     | Found a flagged portal.
 10687 | Bailey   | Entered a bailey
 11143 | Bailey   | Found the +3 hat of Pondering {ponderous, MR+ MP+10 Int+5}
 11143 | Bailey   | Found an iron altar of Okawaru.
 11143 | Bailey   | Noticed an orc high priest
 11156 | Bailey   | Noticed a sixfirhy
 11165 | Bailey   | Noticed a soul eater
 11169 | Bailey   | Killed an orc high priest
 11404 | Bailey   | Noticed an orc knight
 11412 | Bailey   | Killed an orc knight
 11630 | Bailey   | Noticed an orc knight
 11637 | Bailey   | Killed an orc knight
 11637 | Bailey   | Reached skill level 12 in Axes
 12199 | Bailey   | Noticed an orc knight
 12204 | Bailey   | Killed an orc knight
 12368 | D:11     | Found a staircase to the Lair.
 12701 | D:9      | Bought the +3 chain mail "Wychil" {MR+ Slay+6} for 744 gold pieces
 12775 | Lair:1   | Entered Level 1 of the Lair of Beasts
 12954 | Lair:1   | Gained mutation: Your flesh is heat resistant. (rF+) [demonic ancestry]
 12954 | Lair:1   | Reached XP level 12. HP: 93/93 MP: 15/15
 13052 | Lair:1   | Noticed Harold
 13060 | Lair:1   | Killed Harold
 13060 | Lair:1   | Received a gift from Okawaru
 13966 | Lair:2   | Found a staircase to the Snake Pit.
 14674 | Lair:3   | Received a gift from Okawaru
 14700 | Lair:3   | Noticed a four-headed hydra
 14708 | Lair:3   | Killed a one-headed hydra
 14708 | Lair:3   | Reached skill level 13 in Axes
 14782 | Lair:3   | Noticed a six-headed hydra
 14787 | Lair:3   | Killed a three-headed hydra
 15136 | Lair:3   | Found a staircase to the Shoals.
 15405 | Lair:4   | Received a gift from Okawaru
 15429 | Lair:4   | Noticed a death yak
 15429 | Lair:4   | Noticed a death yak
 15430 | Lair:4   | Noticed a death yak
 15430 | Lair:4   | Noticed a death yak
 15436 | Lair:4   | Noticed a death yak
 15441 | Lair:4   | Mangled by a death yak

Vault maps used:
D:1:      erik_arrival_blinker_ship, minmay_small_reverse_x
D:2:      uniq_robin
D:3:      kennysheep_goblin_castle, kennysheep_slug_shrine, first_ration,
          grunt_ministairs_9, hangedman_decor_points, serial_bayou_pond_b
D:4:      due_unseen_surprise, uniq_sigmund
D:5:      kennysheep_big_flooded_room, minmay_temple_entry_butterflies
D:6:      nicolae_sextant, uniq_edmund
D:7:      minmay_joined_circles
D:8:      serial_shops, shop, kennysheep_mini_moat, nicolae_shop_trees,
          shop_statue, uniq_prince_ribbit1
D:9:      orc_david_3
D:10:     blue_anna_alchemist
D:11:     erik_lair_orcish_takeover, enter_bailey_3
Temple:   minmay_crystal_snake_temple
Lair:1:   wad_woods_01, uniq_harold
Lair:2:   minmay_snake_entry_guardpost_small
Lair:3:   minmay_shoals_entry_centaurs, minivault_27
Lair:4:   lemuel_fruit_tree
Bailey:   bailey_axe_of_yendor_kennysheep, bailey

Skill      XL: |  1  2  3  4  5  6  7  8  9 10 11 12 |
---------------+-------------------------------------+-----
Axes           | 3 4 5 6 8 9 10 12 13 | 13.7
Throwing       | 2 |  2.0
Dodging        | 3 4 5 |  5.4
Armour         | 1 2 3 4 6 7 8 |  8.4
Fighting       | 3 5 6 7 8 9 |  9.5
Stealth        | 3 4 |  4.1
Invocations    | 5 |  5.3
Evocations     | 2 |  2.9

Action                   |  1- 3 |  4- 6 |  7- 9 | 10-12 || total
-------------------------+-------+-------+-------+-------++-------
Melee: War axe           |    96 |   196 |   330 |   290 ||   912
       Kick              |    19 |    44 |    99 |   171 ||   333
       Battleaxe         |       |       |       |   368 ||   368
Invok: Heroism           |       |       |     2 |     6 ||     8
Evoke: Wand              |       |       |       |     2 ||     2
  Use: Scroll            |       |     7 |     4 |    15 ||    26
       Potion            |       |       |     3 |     2 ||     5
 Stab: Distracted        |       |       |       |     1 ||     1
  Eat: Chunk             |       |     6 |     9 |    10 ||    25
       Ration            |       |     2 |       |     6 ||     8
Armor: Chain mail        |    65 |   119 |     1 |    85 ||   270
       Leather armour    |     1 |       |       |       ||     1
       Ring mail         |       |       |   113 |    75 ||   188
       Plate armour      |       |       |       |    81 ||    81
Dodge: Dodged            |    48 |   110 |   265 |   395 ||   818

Table legend:
 A = Spawn XP
 B = Non-spawn XP
 C = Spawn XP percentage of total XP
 D = Spawn monster count
 E = Non-spawn monster count
 F = Spawn count percentage of total count
 G = Total turns spent on level
                    A         B        C        D         E        F      G
               +---------+---------+-------+---------+---------+-------+---------
         Total |       0 |   33975 |   0.0 |       0 |     410 |   0.0 | 15441
               +---------+---------+-------+---------+---------+-------+---------
           D:1 |       0 |      33 |   0.0 |       0 |      20 |   0.0 |   459
           D:2 |       0 |     104 |   0.0 |       0 |      35 |   0.0 |  1362
           D:3 |       0 |     282 |   0.0 |       0 |      40 |   0.0 |  2191
           D:4 |       0 |     656 |   0.0 |       0 |      13 |   0.0 |   807
           D:5 |       0 |     819 |   0.0 |       0 |       9 |   0.0 |   811
           D:6 |       0 |     964 |   0.0 |       0 |      24 |   0.0 |   684
           D:7 |       0 |    2786 |   0.0 |       0 |      54 |   0.0 |   818
           D:8 |       0 |    2852 |   0.0 |       0 |      34 |   0.0 |  1104
           D:9 |       0 |    1778 |   0.0 |       0 |      32 |   0.0 |  1725
          D:10 |       0 |    4417 |   0.0 |       0 |      36 |   0.0 |   670
          D:11 |       0 |    1419 |   0.0 |       0 |      19 |   0.0 |   351
        Lair:1 |       0 |    3642 |   0.0 |       0 |      14 |   0.0 |   754
        Lair:2 |       0 |     924 |   0.0 |       0 |       6 |   0.0 |  1106
        Lair:3 |       0 |    4656 |   0.0 |       0 |      15 |   0.0 |   682
        Lair:4 |       0 |    4401 |   0.0 |       0 |      15 |   0.0 |   124
        Bailey |       0 |    4242 |   0.0 |       0 |      44 |   0.0 |  1670
               +---------+---------+-------+---------+---------+-------+---------
